 Dungeon Crawl Stone Soup version 0.32-a0-360-gcd93b57ba1 (webtiles) character file.

Game seed: 2442121920803598814

246 nightchill the Chopper (level 5, -5/48 HPs)
             Began as a Mountain Dwarf Fighter on Feb 18, 2024.
             Slain by an ogre
             ... wielding a +0 giant spiked club
              (14 damage)
             ... on level 4 of the Dungeon.
             The game lasted 00:04:34 (2441 turns).

nightchill the Chopper (Mountain Dwarf Fighter)     Turns: 2441, Time: 00:04:35

Health: -5/48      AC:  9    Str: 19    XL:     5   Next: 84%
Magic:  5/5        EV:  7    Int: 10    God:
Gold:   125        SH:  4    Dex:  9    Spells: 4/4 levels left

rFire   . . .        a - +0 war axe
rCold   . . .        c - +0 buckler
rNeg    + . .        n - +0 chain mail
rPois   .            (no helmet)
rElec   .            (no cloak)
rCorr   .            (no gloves)
SInv    .            (no boots)
Will    .....        (no amulet) Stlth
                     e - ring of positive energy
HPRegen 0.28/turn    (no ring)
MPRegen 0.09/turn

%: no passive effects
@: mighty
A: runic magic, artefact enchanting
a: no special abilities


You were on level 4 of the Dungeon.
You visited 1 branch of the dungeon, and saw 4 of its levels.

You collected 125 gold pieces.

Inventory:

Hand Weapons
 a - a +0 war axe (weapon)
 m - a +0 morningstar
Missiles
 j - 2 throwing nets (quivered)
Armour
 c - a +0 buckler (worn)
 n - a +0 chain mail (worn)
Jewellery
 e - a ring of positive energy (left hand)
Scrolls
 b - a scroll of blinking
 g - 2 scrolls of poison
 h - a scroll of fog {unknown}
 i - a scroll of amnesia {unknown}
 k - a scroll of revelation {unknown}
 q - a scroll of noise {unknown}
Potions
 d - 2 potions of might
 f - 2 potions of curing {unknown}
 l - 2 potions of brilliance {unknown}
 o - 2 potions of heal wounds {unknown}
 p - a potion of invisibility {unknown}
 r - a potion of mutation {unknown}


   Skills:
 + Level 5.0 Fighting
 * Level 6.2 Axes
 - Level 3.2 Armour
 - Level 3.2 Shields


You had 4 spell levels left.
You didn't know any spells.
Your spell library contained the following spells:

 Spells                   Type           Power      Damage    Failure   Level
 Apportation              Tloc           0%         N/A       63%         1
 Jinxbite                 Hex            0%         N/A       77%         2
 Lesser Beckoning         Tloc           0%         N/A       77%         2
 Gell's Gravitas          Tloc           0%         N/A       94%         3
 Teleport Other           Tloc           0%         N/A       94%         3
 Alistair's Intoxication  Alch           0%         N/A       100%        5


Dungeon Overview and Level Annotations

Branches:
Dungeon (4/15)             Temple (0/1) D:4

Altars:


Innate Abilities, Weirdness & Mutations

Your spellcasting is much less encumbered by armour.
You can use scrolls of enchantment on lesser artefacts.


Message History

A ball python is nearby!
You barely miss the ball python.
The ball python bites you but does no damage.
The ball python grabs you. The ball python constricts you.
You slash the ball python!
You kill the ball python!
No target in view!
An adder comes into view.
The adder hisses angrily.
The adder moves out of view.
Found an escape hatch in the floor.
An adder is nearby!
You block the adder's attack.
You closely miss the adder.
The adder bites you but does no damage. x2
You barely miss the adder. The adder bites you but does no damage.
The adder completely misses you.
You closely miss the adder. The adder bites you but does no damage.
You miss the adder. The adder barely misses you. x2
You slash the adder!
You kill the adder!
Your Fighting skill increases to level 5!
Found a staircase to the Ecumenical Temple and a stone staircase leading down.
An ogre comes into view. It is wielding a +0 giant spiked club.
A ribbon worm comes into view.
The ogre hits you with a +0 giant spiked club.
You feel very mighty all of a sudden.
The ogre hits you with a +0 giant spiked club!!
You barely miss the ogre. You closely miss the ogre. You hit the ribbon worm.
The ogre hits you with a +0 giant spiked club.
* * * LOW HITPOINT WARNING * * *
You block the ribbon worm's attack.
You barely miss the ogre. You slash the ribbon worm!
The ogre hits you with a +0 giant spiked club!
* * * LOW HITPOINT WARNING * * *
The ribbon worm bites you.
* * * LOW HITPOINT WARNING * * *
The ogre attacks as it pursues you!
The ogre hits you with a +0 giant spiked club!
You die...

..# #.# #.### #....
#.######..##
###########[)..........
#......... ..######..#.
#.....# >.# #..#.
#...@.##...# ####..#
#..#.#O.##..# #.....#
#. ##.##..##.###.##.##.
.##...##w....##.##.##.
....>........##.#.....
.##...##......#.##....
##. #..##.....#...#.
#.#..##............
.w.##.......#...##


You could see an ogre and a ribbon worm.

Vanquished Creatures
  A sleepcap (D:4)
  An iguana (D:4)
  Natasha (D:4)
  A gnoll (D:2)
  5 adders
  A ribbon worm (D:2)
  4 orcs (D:3)
  7 ball pythons
  3 bats
  5 endoplasms
  3 giant cockroaches
  4 goblins
  6 hobgoblins
  2 jackals (D:2)
  8 kobolds
  A quokka (D:1)
  5 frilled lizards
  6 rats
64 creatures vanquished.

Notes
Turn   | Place    | Note
-------+----------+-------------------------------------------
     0 | D:1      | nightchill the Mountain Dwarf Fighter began the quest for
                  | the Orb.
     0 | D:1      | Reached XP level 1. HP: 19/19 MP: 1/1
    52 | D:1      | Reached skill level 3 in Axes
    52 | D:1      | Reached XP level 2. HP: 26/26 MP: 2/2
   591 | D:2      | Reached XP level 3. HP: 33/33 MP: 3/3
   656 | D:2      | Reached skill level 4 in Axes
   888 | D:2      | Reached XP level 4. HP: 13/40 MP: 4/4
  1179 | D:2      | Reached skill level 5 in Axes
  1646 | D:3      | Reached XP level 5. HP: 42/47 MP: 5/5
  2311 | D:4      | Noticed Natasha
  2317 | D:4      | Killed Natasha
  2318 | D:4      | Reached skill level 6 in Axes
  2424 | D:4      | Reached skill level 5 in Fighting
  2429 | D:4      | Found a staircase to the Ecumenical Temple.
  2431 | D:4      | Noticed an ogre
  2441 | D:4      | Slain by an ogre

Illustrated notes

Levels and vault maps discovered:
D:1:      saegor_arrival_under_anarchy, layout_loops_ring
D:2:      layout_basic, cheibrodos_gnoll_hut
D:3:      layout_basic
D:4:      layout_loops_ring, lemuel_doored_altar, minmay_temple_entry_waves,
          uniq_natasha, uniq_robin

Skill      XL: |  1  2  3  4  5 |
---------------+----------------+-----
Axes           | 3 4 5 6 |  6.2
Fighting       | 4 5 |  5.0
Armour         | |  3.2
Shields        | |  3.2

Action                     |  1- 3 |  4- 6 || total
---------------------------+-------+-------++-------
  Melee: War axe           |    88 |   110 ||   198
    Use: Scroll            |       |     2 ||     2
         Potion            |       |     1 ||     1
 Armour: Scale mail        |    66 |    52 ||   118
         Chain mail        |       |    40 ||    40
         Skin              |       |     1 ||     1
  Dodge: Dodged            |    32 |    47 ||    79
  Block: Buckler           |    24 |    24 ||    48

Table legend: (Time is in decaauts)
 A = Elapsed time spent in this place.
 B = Non-inter-level travel time spent in this place.
 C = Inter-level travel time spent in this place.
 D = Time resting spent in this place.
 E = Time spent auto-exploring this place.
 F = Levels seen in this place.
 G = Mean time per level.
                   A        B        C        D        E       F      G
               +--------+--------+--------+--------+--------+-----+--------+
         Total |   2499 |   2426 |     73 |    201 |   1661 |   4 |  624.8 |
       Dungeon |   2499 |   2426 |     73 |    201 |   1661 |   4 |  624.8 |
               +--------+--------+--------+--------+--------+-----+--------+

Top non-repeatable levels by time:
     D:2: 816 daAuts
     D:1: 595 daAuts
     D:3: 582 daAuts
     D:4: 504 daAuts
